 Dungeon Crawl Stone Soup version 0.26-a0-662-g8b9c6dab81 (webtiles) character file.

Game seed: 11130801798799004768

672 timneilson the Covered (level 7, -2/44 HPs)
             Began as a Gargoyle Fighter on Oct 9, 2020.
             Slain by an orc warrior
             ... wielding a +0 short sword
              (4 damage)
             ... on level 6 of the Dungeon.
             The game lasted 00:08:37 (3690 turns).

timneilson the Covered (Gargoyle Fighter)           Turns: 3690, Time: 00:08:37

Health: -2/44      AC: 12    Str: 21    XL:     7   Next: 59%
Magic:  7/7        EV:  7    Int:  9    God:
Gold:   186        SH: 10    Dex:  9    Spells: 6/6 levels left

rFire    . . .     SeeInvis .   a - +1 long sword
rCold    . . .     Faith    .   c - +0 kite shield
rNeg     + . .     Spirit   .   b - +0 scale mail
rPois    ∞         Reflect  .   (no helmet)
rElec    +         Harm     .   (no cloak)
rCorr    .         Rampage  .   (no gloves)
MR       +....                  (no boots)
Stlth    ..........             (no amulet)
HPRegen  0.14/turn              g - ring of protection from magic
MPRegen  0.10/turn              (no ring)

@: no status effects
A: negative energy resistance 1, electricity resistance, unbreathing,
petrification resistance, rot immunity, AC +4
a: no special abilities


You were on level 6 of the Dungeon.
You visited 1 branch of the dungeon, and saw 5 of its levels.

You collected 186 gold pieces.

Inventory:

Hand Weapons
 a - a +1 long sword (weapon)
Armour
 b - a +0 scale mail (worn)
 c - a +0 kite shield (worn)
 d - a +0 plate armour
Jewellery
 g - a ring of protection from magic (left hand)
Wands
 e - a wand of acid (8)
Scrolls
 l - a scroll of remove curse
 m - a scroll of fog
 o - 3 scrolls of identify
Potions
 h - a potion of brilliance
 i - a potion of curing
 k - 2 potions of ambrosia


   Skills:
 + Level 4.6 Fighting
 * Level 4.2 Long Blades
 * Level 5.7 Armour
 * Level 5.7 Shields


You had 6 spell levels left.
You didn't know any spells.
Your spell library was empty.

Dungeon Overview and Level Annotations

Branches:
Dungeon (4/15)
 Temple: D:4-7

Altars:
Ru
Sif Muna
Vehumet
Xom
Yredelemnul


Innate Abilities, Weirdness & Mutations

You are resistant to torment.
Your stone body is resilient. (AC +4)
You are immune to poison.
You resist negative energy. (rN+)
You are resistant to electric shocks. (rElec)
You can survive without breathing.
You are immune to petrification.
You are immune to rotting.


Message History

The orc warrior closely misses you.
You riposte.
You hit the orc warrior but do no damage.
The orc warrior is moderately wounded.
The orc warrior hits you with a +0 short sword.
You closely miss the orc warrior.
The orc warrior is moderately wounded.
The orc warrior barely misses you.
Your shield and scale mail prevent you from hitting the orc warrior.
The orc warrior is moderately wounded.
The orc warrior closely misses you.
You riposte.
You hit the orc warrior but do no damage.
The orc warrior is moderately wounded.
You closely miss the orc warrior.
The orc warrior is moderately wounded.
The orc warrior hits you with a +0 short sword!
* * * LOW HITPOINT WARNING * * *
You hit the orc warrior.
The orc warrior is heavily wounded.
The orc warrior hits you with a +0 short sword.
You die...

#.# #..........
#.# #..........
#.# ###########
#.# ### #.# #..
#.# #.# #.# #.#
#.#########.######
#.......@o{o.....#
###########o####.#
.... .......
.........#
o.........#
o..........#
.o..........#


You could see an orc warrior and 2 orcs.

Vanquished Creatures
  An orc warrior (D:4)
  5 killer bees (D:6)
  Jessica (D:2)
  2 orc wizards
  2 worker ants (D:4)
  Terence (D:3)
  10 adders
  5 worms
  5 dart slugs
  3 leopard geckos
  11 orcs
  10 bats
  6 giant cockroaches
  6 goblins
  7 hobgoblins
  4 jackals (D:1)
  A quokka (D:2)
  5 frilled lizards
  14 kobolds
  A leopard gecko skeleton (D:4)
  10 rats
110 creatures vanquished.

Notes
Turn   | Place    | Note
-------+----------+-------------------------------------------
     0 | D:1      | timneilson the Gargoyle Fighter began the quest for the
                  | Orb.
     0 | D:1      | Reached XP level 1. HP: 14/14 MP: 1/1
   160 | D:1      | Reached XP level 2. HP: 5/19 MP: 2/2
   578 | D:1      | Reached XP level 3. HP: 23/23 MP: 3/3
  1108 | D:2      | Noticed Jessica
  1146 | D:2      | Killed Jessica
  1146 | D:2      | Reached XP level 4. HP: 22/29 MP: 4/4
  1725 | D:2      | Found a shimmering altar of Xom.
  1948 | D:3      | Reached XP level 5. HP: 32/33 MP: 5/5
  2294 | D:3      | Found a sacrificial altar of Ru.
  2321 | D:3      | Noticed Terence
  2329 | D:3      | Killed Terence
  2422 | D:3      | Reached XP level 6. HP: 20/38 MP: 6/6
  2804 | D:3      | Found a shimmering blue altar of Sif Muna.
  3058 | D:3      | Found a basalt altar of Yredelemnul.
  3298 | D:4      | Found a radiant altar of Vehumet.
  3341 | D:4      | Noticed an orc warrior
  3357 | D:4      | Killed an orc warrior
  3357 | D:4      | Reached skill level 5 in Armour
  3357 | D:4      | Reached skill level 5 in Shields
  3453 | D:4      | Reached XP level 7. HP: 44/44 MP: 7/7
  3550 | D:4      | You fall into a shaft and drop 2 floors!
  3689 | D:6      | HP: 2/44 [orc warrior/+0 short sword (14)]
  3690 | D:6      | Slain by an orc warrior

Illustrated notes

Levels and vault maps discovered:
D:1:      ebering_hopf_link, layout_basic, chequers_serial_rivers_small_b,
          minmay_pentomino_w4
D:2:      layout_basic, nicolae_overflow_crystal_walls,
          kennysheep_generic_room_12, uniq_jessica
D:3:      layout_loops_ring, nicolae_ru_sacrificial_ziggurat,
          nicolae_overflow_hidden_temple, led_sif_book, uniq_terence
D:4:      layout_rooms, ashenzari_altar_1, fiery_altar_vehumet,
          chequers_serial_rivers_marsh, supply_closet_lemuel, uniq_pikel
D:6:      layout_basic, good_gods_mini_temple, uniq_grinder, uniq_blork_the_orc

Skill      XL: |  1  2  3  4  5  6  7 |
---------------+----------------------+-----
Long Blades    | 2 3 4 |  4.2
Armour         | 4 5 |  5.7
Shields        | 4 5 |  5.7
Fighting       | 4 |  4.6

Action                   |  1- 3 |  4- 6 |  7- 9 || total
-------------------------+-------+-------+-------++-------
Melee: Long sword        |   131 |   257 |    68 ||   456
  Use: Scroll            |     3 |     9 |       ||    12
       Potion            |       |     2 |     2 ||     4
Armor: Scale mail        |    89 |   133 |    28 ||   250
       Skin              |       |       |    25 ||    25
Dodge: Dodged            |    51 |    74 |    21 ||   146
Block: Kite shield       |    97 |   133 |    50 ||   280
       Rpst.: Long sword |    20 |    23 |     8 ||    51

Table legend: (Time is in decaauts)
 A = Elapsed time spent in this place.
 B = Non-inter-level travel time spent in this place.
 C = Inter-level travel time spent in this place.
 D = Time resting spent in this place.
 E = Time spent auto-exploring this place.
 F = Levels seen in this place.
 G = Mean time per level.
                   A        B        C        D        E       F      G
               +--------+--------+--------+--------+--------+-----+--------+
         Total |   3827 |   3769 |     58 |    123 |   2596 |   5 |  765.4 |
       Dungeon |   3827 |   3769 |     58 |    123 |   2596 |   5 |  765.4 |
               +--------+--------+--------+--------+--------+-----+--------+

Top non-repeatable levels by time:
     D:3: 1228 daAuts
     D:1: 1155 daAuts
     D:2: 1022 daAuts
     D:4: 264 daAuts
     D:6: 156 daAuts
